[Event "Late-Titled-Tuesday-Blitz-July-09-2024"]
[Site "Chess.com"]
[Date "2024.07.09"]
[Round "10"]
[White "mind1mover"]
[Black "DanielNaroditsky"]
[Result "0-1"]
[WhiteElo "2817"]
[BlackElo "3084"]
[TimeControl "180+1"]
[EndTime "15:54:38 PDT"]
[Termination "DanielNaroditsky won on time"]

1. Nf3 Nf6 2. c4 g6 3. Nc3 Bg7 4. d4 d6 5. Bg5 Bf5 6. e3 c5 7.
Bd3 Bxd3 8. Qxd3 O-O 9. O-O Nc6 10. dxc5 dxc5 11. Rad1 Qa5 12. a3 h6 13. Bh4 g5 14.
Bg3 Rad8 15. Qc2 Qa6 16. Nb5 Nh5 17. Bc7 Rc8 18. h3 b6 19. Bh2 Qb7 20. Nc3 Nf6 21. Rd3 Na5 22. b3 Rfd8 23. Rfd1 Rxd3 24. Rxd3 e6 25. Be5 Nc6 26. Bxf6 Bxf6 27. Ne4 Be7 28. Nd6 Bxd6 29. Rxd6 Qc7 30. Qd3 Nd4 31. Rxd4 cxd4 32. exd4 Qf4 33. g3 Qc1+ 34. Kg2 Qxa3 35. h4 Qe7 36.
hxg5 hxg5 37. Ne5 Rd8 38. Qe4 Qf6 39. Nc6 Rd7 40. Ne5 Rc7 41. Ng4 Qg7 42. Ne5 Rc8 43.
Qb7 Rd8 44. Nc6 Re8 45. Qxa7 Qf6 46. Qxb6 Kg7 47. Qc5 Rc8 48. b4 g4 49. b5 Qf3+ 50.
Kg1 f6 51. Qe7+ Kh8 52. Qxe6 Ra8 53. Qe1 Kg7 54. d5 Rh8 55. Qe7+ Kg6 56. Ne5+ fxe5 57. Qe6+ Kg7 58. Qxe5+ Qf6 59. Qc7+ Kg6 60. Qc6 Kg5 61. Qxf6+ Kxf6 62. c5 Ke5 63. d6 Kd5 0-1

[Event "Late-Titled-Tuesday-Blitz-July-09-2024"]
[Site "Chess.com"]
[Date "2024.07.09"]
[Round "10"]
[White "Yahisalem"]
[Black "amelia91"]
[Result "0-1"]
[WhiteElo "1940"]
[BlackElo "2087"]
[TimeControl "180+1"]
[EndTime "15:54:38 PDT"]
[Termination "amelia91 won by resignation"]

1. e4 c5 2. Nf3 d6 3. d4 cxd4 4. Nxd4 Nf6 5. Nc3 Nc6 6. Bb5 Bd7 7. Bxc6 bxc6 8. O-O e5 9. Nf5 Bxf5 10. exf5 Be7 11.
Bg5 O-O 12. Bxf6 Bxf6 13. Ne4 d5 14. Ng3 Rb8 15. b3 e4 16. Rb1 Qd7 17. Qg4 Kh8 18.
Nh5 Be5 19. f4 Bd4+ 20. Kh1 g6 21. Ng3 Bg7 22. h3 Rbd8 23. Rbd1 Qe7 24. fxg6 fxg6 25. f5 Rd6 26. Ne2 gxf5 27. Rxf5 Rdf6 28. Rdf1 Rxf5 29. Rxf5 Rxf5 30. Qxf5 Qf6 31. Qxf6 Bxf6 32. g4 Kg7 33. Kg2 Kf7 34. Kg3 Ke6 35. c3 Ke5 36. h4 c5 37. g5 Bd8 38. Kg4 d4 39. cxd4+ cxd4 40. h5 d3 41. Nc3 e3 42. Kf3 e2 43. Nxe2 dxe2 44. Kxe2 Bxg5 45. Kd3 Kd5 46. a3 Bc1 47. a4 Kc5 48. Kc3 a5 49. Kc2 Bg5 50. Kc3 Bf6+ 51. Kd3 Kb4 52. Kc2 h6 53. Kd3 Kxb3 54. Kd2 Kxa4 55. Kc2 Kb4 0-1

[Event "Late-Titled-Tuesday-Blitz-July-09-2024"]
[Site "Chess.com"]
[Date "2024.07.09"]
[Round "10"]
[White "djano"]
[Black "RodriQA"]
[Result "1-0"]
[WhiteElo "2593"]
[BlackElo "2443"]
[TimeControl "180+1"]
[EndTime "15:54:40 PDT"]
[Termination "djano won by resignation"]

1. e4 c6 2. d3 d5 3. Bf4 dxe4 4. Nc3 exd3 5. Bxd3 Nf6 6. Qe2 Bg4 7. f3 Bh5 8.
O-O-O e6 9. g4 Qa5 10. gxh5 Bb4 11. Bd2 Bxc3 12. Bxc3 Qxa2 13. h6 Nbd7 14. hxg7 Rg8 15. Bc4 Qa1+ 16. Kd2 Qa4 17. b3 Qa3 18. Ra1 Qc5 19. Qe3 Qd6+ 20. Kc1 b5 21. Bd3 Nd5 22. Qd2 f6 23. Ne2 Rxg7 24. Qh6 Rg2 25. Qh5+ Kd8 26. Ba5+ Kc8 27. Qxh7 Qe5 28. Kb1 a6 29. Re1 b4 30. Qh3 Rxe2 31. Bxe2 Nc3+ 32. Kc1 Qe3+ 33. Kb2 Qe5 34. f4 Qd4 35. Qd3 Nd1+ 36. Kc1 Qxa1+ 37. Kd2 Qxa5 38. Bxd1 Qd5 39. Bg4 Qxd3+ 40. Kxd3 Kc7 41. Kd4 e5+ 42. Kc4 Nb6+ 43. Kc5 a5 44. fxe5 Re8 45. Re4 Rxe5+ 46. Rxe5 fxe5 47. h4 Nd5 48. h5 Nf6 49. h6 Ng8 50. h7 Nf6 51. h8=Q 1-0

[Event "Late-Titled-Tuesday-Blitz-July-09-2024"]
[Site "Chess.com"]
[Date "2024.07.09"]
[Round "10"]
[White "Fjal"]
[Black "Matalon"]
[Result "0-1"]
[WhiteElo "2387"]
[BlackElo "2476"]
[TimeControl "180+1"]
[EndTime "15:54:40 PDT"]
[Termination "Matalon won by checkmate"]

1. Nf3 Nf6 2. g3 g6 3. Bg2 Bg7 4.
O-O O-O 5. d3 b6 6. e4 d6 7. a4 a5 8. Na3 Bb7 9. Re1 Nfd7 10. d4 c5 11. c3 cxd4 12. cxd4 Nc6 13. Nb5 Ba6 14. e5 dxe5 15. Nxe5 Ndxe5 16. dxe5 Qxd1 17. Rxd1 Rac8 18. f4 Bxb5 19. axb5 Nb4 20. Be3 Nc2 21. Bxb6 Nxa1 22. Rxa1 Rb8 23. Bxa5 Rxb5 24. b4 f6 25. Bc6 Rbb8 26. b5 fxe5 27. Re1 exf4 28. Rxe7 f3 29. b6 Rbd8 30. Bd7 Ra8 31. Be6+ Kh8 32. Rxg7 f2+ 33.
Kf1 Rxa5 34. Rf7 Ra1+ 35. Kxf2 Rxf7+ 36. Bxf7 Rb1 37. Kg2 Rxb6 38. Bd5 Kg7 39. h4 h6 40. Kh3 Kf6 41. Bc4 g5 42. hxg5+ hxg5 43. Bd3 Rb4 44.
Be2 Kg6 45. Bg4 Rd4 46. Be6 Kf6 47. Bc8 Rb4 48. Bd7 Ke7 49. Bc8 Rb5 50. Ba6 Rb4 51.
Bd3 Kd6 52. Bf5 Ke5 53. Bc8 Kf6 54. Bd7 Rb1 55. Bc8 Re1 56. Ba6 Kg6 57. Bc8 Re4 58. Bb7 Rd4 59. Bc8 Kh5 60. g4+ Kg6 61. Kg3 Kf6 62. Kf3 Ke5 63. Ke3 Rc4 64. Bd7 Rc3+ 65. Kf2 Kf4 66. Kg2 Rf3 67. Be6 Rc3 68. Kf2 Rc2+ 69.
Kf1 Kg3 70. Kg1 Rc1# 0-1

[Event "Late-Titled-Tuesday-Blitz-July-09-2024"]
[Site "Chess.com"]
[Date "2024.07.09"]
[Round "10"]
[White "HATilay"]
[Black "Ganziitoo"]
[Result "1-0"]
[WhiteElo "2580"]
[BlackElo "2410"]
[TimeControl "180+1"]
[EndTime "15:54:41 PDT"]
[Termination "HATilay won on time"]

1. e4 c5 2. Nf3 Nc6 3. Bb5 e5 4.
O-O Bd6 5. c3 a6 6. Bc4 Nf6 7.
a4 O-O 8. d3 h6 9. Na3 Bc7 10. Nc2 d5 11. exd5 Nxd5 12. Re1 Re8 13.
h3 Bf5 14. Bxd5 Qxd5 15. Ne3 Qd7 16. Nxf5 Qxf5 17. Qe2 Rad8 18. Qe4 Qxe4 19. dxe4 Na5 20. Be3 Nb3 21. Rad1 c4 22. Kf1 f6 23. Nh4 Kf7 24. Nf5 h5 25. Ba7 b6 26. Ne3 Ke6 27. Nxc4 b5 28. axb5 axb5 29. Bb6 Rxd1 30. Rxd1 bxc4 31. Bxc7 Rc8 32. Bb6 Ra8 33. Ke2 Ra2 34. Rb1 g5 35.
Kd1 Ra6 36. Be3 Rd6+ 37. Kc2 g4 38. hxg4 hxg4 39. Rh1 Ra6 40. Rd1 Na1+ 41. Kb1 Nb3 42. g3 Ra1+ 43. Kc2 Ra8 44. Rh1 Na1+ 45. Kd1 Rd8+ 46.
Ke2 Nb3 47. Rh4 Rg8 48. Rh7 Rd8 49. Rc7 Na5 50. Bb6 1-0

[Event "Late-Titled-Tuesday-Blitz-July-09-2024"]
[Site "Chess.com"]
[Date "2024.07.09"]
[Round "10"]
[White "Noki102"]
[Black "realburq"]
[Result "0-1"]
[WhiteElo "2550"]
[BlackElo "2451"]
[TimeControl "180+1"]
[EndTime "15:54:48 PDT"]
[Termination "realburq won by checkmate"]

1. Nc3 d6 2. d4 Nd7 3. e4 g6 4. Bf4 Bg7 5. Qd2 c5 6. dxc5 Nxc5 7. Bb5+ Bd7 8. Bxd7+ Qxd7 9. Nge2 Nf6 10. f3 O-O 11. Bh6 Rac8 12. h4 b5 13. h5 b4 14. Bxg7 Kxg7 15.
Nd5 Nxd5 16. Qxd5 Qe6 17. Qd2 Qf6 18. hxg6 fxg6 19. Qh6+ Kf7 20. Qxh7+ Ke8 21. Rb1 Na4 22. Rh6 Rxc2 23. Rxg6 Qe5 24. Qg7 Qc5 25. Re6 Rxe2+ 26. Kxe2 Qc4+ 27. Kf2 Qxe6 28. Qg5 Nc5 29. Rd1 Qf6 30.
Qd5 Qxb2+ 31. Kg1 Qe5 32. Qa8+ Kf7 33. Qxa7 Rg8 34. Qc7 Qb2 35. g4 Qe2 36. Rf1 Rh8 37.
Rf2 Qe1+ 38. Kg2 Rh2+ 39. Kg3 Qxf2+ 40. Kf4 Qd2+ 41. Kf5 Qh6 42. Qxe7+ Kxe7 43. g5 Qg7 44. Kg4 Qf7 45. Kg3 Rf2 46. f4 Nd3 47. f5 Rxf5 48. exf5 Qxf5 49. a3 bxa3 50. Kh4 Nb4 51. Kh5 Qxg5+ 52.
Kxg5 a2 53. Kf4 a1=Q 54. Ke3 Qd1 55. Ke4 Na6 56. Kf5 Qe1 57. Kg5 Nb8 58. Kg6 d5 59. Kg7 d4 60. Kh8 d3 61. Kh7 d2 62. Kh8 d1=Q 63.
Kh7 Qg4 64. Kh8 Qh1# 0-1

[Event "Late-Titled-Tuesday-Blitz-July-09-2024"]
[Site "Chess.com"]
[Date "2024.07.09"]
[Round "10"]
[White "MetiForce"]
[Black "Brown_Mamba24"]
[Result "1/2-1/2"]
[WhiteElo "2904"]
[BlackElo "2564"]
[TimeControl "180+1"]
[EndTime "15:54:50 PDT"]
[Termination "Game drawn by stalemate"]

1. e4 c5 2. Nf3 Nc6 3. d4 cxd4 4. Nxd4 g6 5. c4 Nf6 6. Nc3 Nxd4 7. Qxd4 d6 8. Be3 Bg7 9. Be2 O-O 10. Qd3 a5 11. O-O a4 12. Bd4 Qa5 13. f4 Bg4 14. f5 Bxe2 15.
Nxe2 Nd7 16. Bxg7 Kxg7 17. Qd4+ Qe5 18. Kf2 Rfc8 19. Ke3 Qxd4+ 20. Kxd4 Ne5 21. b3 gxf5 22. exf5 b5 23. cxb5 Rc2 24. Nf4 Rc5 25. f6+ exf6 26. Nh5+ Kg6 27. Nf4+ Kg7 28. Rab1 Rxb5 29. b4 Rc8 30. Nh5+ Kg6 31. Nxf6 Rc4+ 32. Ke3 Rcxb4 33. Rbd1 Rb2 34. Nd5 Nc4+ 35. Kd4 Rxd5+ 36. Kxd5 Ne3+ 37. Kxd6 Nxf1 38. Rxf1 Rxg2 39. a3 Rxh2 40. Rf4 h5 41.
Rxa4 Rd2+ 42. Ke5 Kg5 43. Ke4 h4 44. Kf3 h3 45. Ra8 Ra2 46. Rg8+ Kf5 47. Rh8 Rxa3+ 48. Kf2 h2 49. Kg2 Ra2+ 50. Kh1 Kg4 51. Rg8+ Kf4 52.
Rg4+ Kf5 53. Rg5+ Kf6 54. Rf5+ Ke7 55. Re5+ Kd6 56. Rd5+ Ke6 57. Re5+ Kf6 58. Rf5+ Kxf5 1/2-1/2

[Event "Late-Titled-Tuesday-Blitz-July-09-2024"]
[Site "Chess.com"]
[Date "2024.07.09"]
[Round "10"]
[White "andrejljepic"]
[Black "ChessicallyInclined"]
[Result "0-1"]
[WhiteElo "2499"]
[BlackElo "2733"]
[TimeControl "180+1"]
[EndTime "15:54:51 PDT"]
[Termination "ChessicallyInclined won by resignation"]

1. e4 c5 2. Nf3 d6 3. c3 Nf6 4. Be2 g6 5. O-O Bg7 6. Re1 O-O 7. Bf1 e5 8. d3 h6 9. Na3 a6 10. Nc4 b5 11. Ne3 Bb7 12. a4 Nbd7 13. g3 Nb6 14. a5 Nc8 15. Bg2 Ne7 16. c4 Nc6 17. Nd5 Nd7 18. Bd2 b4 19. Qa4 Kh7 20. Nh4 Nd4 21. Be3 Bc6 22. Qd1 Ne6 23. Bh3 Rc8 24.
Nxg6 fxg6 25. Bxe6 Rb8 26. h4 Nf6 27. Qe2 Nxd5 28. cxd5 Bb5 29. h5 Qf6 30. hxg6+ Qxg6 31. Kg2 Rbe8 32. Rad1 Rxe6 33. dxe6 Qxe6 34. f3 Qb3 35.
Rd2 Qf7 36. Rh1 d5 37. g4 Qg6 38. Qf2 Kg8 39. Qg3 Rd8 40. Rhd1 d4 41. Bf2 Bf6 42. b3 Re8 43. Rc2 Qf7 44. Rxc5 Qxb3 45. Rh1 Qxd3 46.
Rxh6 Qf1+ 47. Kh2 Bg7 48. Rg6 Rf8 49. Rc7 Rf7 50. Rxf7 Kxf7 51. Rg5 d3 52. Rf5+ Kg8 53.
Be3 Qe2+ 54. Kh3 Qxe3 55. Qh4 Qh6 56. Rh5 Qd6 57. Rg5 d2 58. Qh5 d1=Q 59. Qe8+ Bxe8 0-1

[Event "Late-Titled-Tuesday-Blitz-July-09-2024"]
[Site "Chess.com"]
[Date "2024.07.09"]
[Round "10"]
[White "Goryachkina"]
[Black "JunjiCol"]
[Result "0-1"]
[WhiteElo "2702"]
[BlackElo "2482"]
[TimeControl "180+1"]
[EndTime "15:54:52 PDT"]
[Termination "JunjiCol won on time"]

1. e4 e5 2. Nf3 d5 3. d4 dxe4 4.
Nxe5 Bd6 5. Bf4 Ne7 6. Bc4 Bxe5 7.
Bxe5 Nbc6 8. Bxg7 Rg8 9. Bf6 Rg6 10. Bxe7 Qxe7 11. Nc3 Rxg2 12. Qh5 Bg4 13. Qd5 Bf3 14.
Bb5 Rd8 15. Bxc6+ bxc6 16. Qxc6+ Kf8 17. Qh6+ Kg8 18. Qe3 Qh4 19. d5 c6 20. Qxa7 cxd5 21.
Qd4 Re8 22. Nxd5 Re6 23. Qe3 Rd6 24. c4 Rgg6 25. Rf1 Qxh2 26. Kd2 Qe5 27. Qc3 Rxd5+ 28.
cxd5 Qxd5+ 29. Ke1 Rc6 30. Rg1+ Kf8 31. Qg7+ Ke8 32.
Qg8+ Kd7 33. Qg5 f5 34. Qd2 Rd6 35. Qxd5 Rxd5 36. a4 h5 37. a5 Rb5 38. a6 Rb8 39. a7 Ra8 40. Rg7+ Ke6 41. Rh7 f4 42. Kd2 Rd8+ 43. Kc3 Ra8 44. Kd4 Rd8+ 45. Kc5 Ra8 46. b4 e3 47. fxe3 fxe3 48. b5 e2 49. b6 Rc8+ 50. Kd4 Rd8+ 51. Ke3 Rd1 52. Kxf3 e1=Q 53. a8=Q Rd3+ 54. Kg2 Rg3+ 55. Kh2 Qf2+ 0-1

[Event "Late-Titled-Tuesday-Blitz-July-09-2024"]
[Site "Chess.com"]
[Date "2024.07.09"]
[Round "10"]
[White "VitorBronson"]
[Black "PhileKhoob"]
[Result "0-1"]
[WhiteElo "2489"]
[BlackElo "2397"]
[TimeControl "180+1"]
[EndTime "15:54:52 PDT"]
[Termination "PhileKhoob won by resignation"]

1. e4 c6 2. d4 d5 3. exd5 cxd5 4. Bd3 Nc6 5. c3 Nf6 6. Ne2 Bg4 7. O-O e6 8. Qe1 Bd6 9. f3 Bh5 10. Qh4 O-O 11. Bg5 Bg6 12. Bxg6 hxg6 13. Nd2 Be7 14. f4 Ne4 15. Nxe4 dxe4 16. Rad1 f6 17. Qg4 fxg5 18.
Qxe6+ Rf7 19. fxg5 Qf8 20. d5 Nd8 21. Qxg6 Bc5+ 22.
Nd4 e3 23. Rfe1 Re7 24. Re2 Bxd4 25. Rxd4 Rf7 26. h3 Rf1+ 27. Kh2 Rf4 28. Rxe3 Rxd4 29. cxd4 Qf4+ 30. Rg3 Nf7 31. Qd3 Rd8 32. Kg1 Nxg5 33. Rg4 Qf6 34. Qg3 Nf7 35. Qc7 Nh6 36. Rf4 Qd6 37.
Qxd6 Rxd6 38. Rf3 Rxd5 39. Rb3 b6 40. g4 Nf7 41. Rb4 Ng5 42. Kg2 Ne6 43. Kf3 Rxd4 44. Rb3 Rd1 45. Ke2 Rh1 46. Re3 Rh2+ 47. Kd3 Ng5 48.
Re8+ Kh7 49. Ra8 Rxh3+ 50. Kd4 a5 51. Ra6 Nf3+ 52. Ke4 Nd2+ 53. Kf5 Rh6 54. g5 Rg6 55. Ra7 Nf3 56. Rd7 Nh4+ 57. Kg4 Ng2 58. Rd2 Ne3+ 59. Kf4 Nc4 60. Rh2+ Kg8 61. Kf5 Rc6 62. g6 Ne3+ 63. Kg5 Rc5+ 64. Kf4 Nd5+ 65. Ke4 Nf6+ 66. Kf4 Rc4+ 67.
Kf5 Rc5+ 68. Kf4 Rc6 69. Rd2 Kf8 70. Rd8+ Ke7 71. Rb8 Rc2 72. Rb7+ Kf8 73. Rxb6 Nd5+ 74. Ke5 Nxb6 75. b4 axb4 76. a3 bxa3 77. Ke6 a2 78.
Ke5 a1=Q+ 0-1

[Event "Late-Titled-Tuesday-Blitz-July-09-2024"]
[Site "Chess.com"]
[Date "2024.07.09"]
[Round "10"]
[White "JAN2404"]
[Black "petr577"]
[Result "0-1"]
[WhiteElo "2119"]
[BlackElo "2420"]
[TimeControl "180+1"]
[EndTime "15:54:55 PDT"]
[Termination "petr577 won on time"]

1. e4 e5 2. Nc3 Nc6 3. Bc4 Nf6 4. d3 Na5 5. Bb3 Nxb3 6. axb3 Be7 7. f4 exf4 8. Bxf4 d6 9. Nf3 O-O 10. O-O c6 11. d4 Re8 12. Qd3 Bf8 13. Bg5 h6 14. Bxf6 Qxf6 15. Ne5 Qh4 16. Qf3 Be6 17. d5 dxe5 18.
dxe6 f6 19. g3 Qg5 20. Rad1 Rxe6 21. h4 Qg6 22. Rd7 b5 23. Rfd1 Bc5+ 24. Kh2 Rae8 25. Rc7 Bb6 26. Rb7 R8e7 27. Rdd7 Rxd7 28. Rxd7 Qe8 29. Qd1 Re7 30. Rd6 Bc5 31. Rd8 Kh7 32. Rxe8 Rxe8 33. Qd7 Rg8 34. Qxc6 Bd4 35. Nxb5 Kg6 36.
Qd7 Kh7 37. Nd6 a5 38. Ne8 Kh8 39. h5 Be3 40. c4 Bd4 41. c5 Bxc5 42. Nc7 Bd4 43. Ne6 Bxb2 44. Kh3 Bc3 45. Qf7 Bb4 46. Kg4 Bc3 47. Kf5 Bd2 48. Kg6 Bg5 49. Nxg7 Bd2 50. g4 Bg5 51. Qe7 f5 52. Qf7 fxe4 53.
Kf5 Rxg7 54. Qf8+ Kh7 55. Qd8 e3 56. Qg8+ Kxg8 0-1

[Event "Late-Titled-Tuesday-Blitz-July-09-2024"]
[Site "Chess.com"]
[Date "2024.07.09"]
[Round "10"]
[White "Keaton87"]
[Black "Byniolus"]
[Result "1-0"]
[WhiteElo "2677"]
[BlackElo "2793"]
[TimeControl "180+1"]
[EndTime "15:54:57 PDT"]
[Termination "Keaton87 won on time"]

1. d4 d6 2. Nf3 Bg4 3. g3 Bxf3 4. exf3 c6 5. Bg2 e6 6. O-O g6 7. b3 Bg7 8. Bb2 Ne7 9. Nd2 O-O 10. f4 Nd7 11. c4 d5 12. Qe2 Nf5 13. Nf3 Qb6 14.
Rfd1 Rfd8 15. Rd2 Qa6 16. a3 Nb6 17. c5 Qxe2 18. Rxe2 Nd7 19. g4 Ne7 20. b4 a5 21.
Ree1 Bh6 22. g5 Bg7 23. Bh3 Nf5 24. Bxf5 exf5 25. Bc3 axb4 26. axb4 Nf8 27. Rxa8 Rxa8 28. Bd2 Ne6 29. Be3 Ra3 30. Kg2 Rb3 31. Bd2 h6 32. h4 hxg5 33. hxg5 Kf8 34. Ra1 Bxd4 35. Ra7 Kg7 36.
Nxd4 Nxd4 37. Rxb7 Ne6 38. Rb6 Rd3 39. Bc1 Rd1 40. Bb2+ d4 41. Rxc6 Nxf4+ 42. Kf3 Ne6 43.
Rd6 Nxg5+ 44. Ke2 Rb1 45. Bxd4+ Kh7 46. Rd8 f6 47. Bxf6 Nf7 48. Rd7 Kg8 49. Rb7 g5 50. c6 Rc1 51. b5 Nd6 52. Rb8+ Kf7 53. Be5 Nxb5 54. Rxb5 Rxc6 55. Bd4 Kg6 56. Rb6 Rxb6 57.
Bxb6 f4 58. Kd3 Kf5 59. Bc7 Kg4 60. Ke4 Kh3 61. Bxf4 1-0

[Event "Late-Titled-Tuesday-Blitz-July-09-2024"]
[Site "Chess.com"]
[Date "2024.07.09"]
[Round "10"]
[White "Individoom"]
[Black "Nekoo04"]
[Result "1-0"]
[WhiteElo "2762"]
[BlackElo "2436"]
[TimeControl "180+1"]
[EndTime "15:54:57 PDT"]
[Termination "Individoom won by checkmate"]

1. d4 d5 2. Nf3 Nf6 3. Bf4 g6 4.
e3 Bg7 5. h3 O-O 6. Be2 c5 7. c3 Nc6 8. O-O Nd7 9. Bg3 e5 10. dxe5 Ndxe5 11. Nbd2 Re8 12. Nxe5 Nxe5 13. Nf3 Nxf3+ 14. Bxf3 Be6 15. Qa4 a6 16. Rfd1 b5 17.
Qc2 Bf5 18. Qb3 c4 19. Qa3 Bf8 20. b4 Bd3 21. Qb2 Bg7 22. a4 Qd7 23. axb5 axb5 24. Ra5 Rxa5 25. bxa5 h6 26. Ra1 Ra8 27. a6 Qc6 28. a7 Qb7 29. Bb8 b4 30. Rc1 b3 31.
Ra1 Kh7 32. Ra5 Rxb8 33. Bxd5 Qc8 34. axb8=Q Qxb8 35. Bxf7 Qb4 36. Ra7 Qb6 37. Rd7 Qc6 38. Rxd3 cxd3 39. Bxb3 Qxc3 40. Qa2 Qa1+ 41. Qxa1 Bxa1 42.
Kf1 Bc3 43. Bc4 d2 44. Ke2 Kg7 45. Bb3 Bb4 46. f4 Kf6 47. Kf3 Bc5 48. e4 Bd4 49. e5+ Ke7 50. Ke4 Bc3 51. g4 Bb4 52.
f5 gxf5+ 53. gxf5 Ba3 54. f6+ Kf8 55. Kf5 Bb4 56. e6 Bc5 57. h4 h5 58. Bd1 Bb4 59.
Bxh5 Bc5 60. Bd1 Be3 61. e7+ Kf7 62. Bb3+ Ke8 63. Ba4+ Kf7 64. e8=Q# 1-0

[Event "Late-Titled-Tuesday-Blitz-July-09-2024"]
[Site "Chess.com"]
[Date "2024.07.09"]
[Round "10"]
[White "chessuriel"]
[Black "ural58"]
[Result "1-0"]
[WhiteElo "2380"]
[BlackElo "2452"]
[TimeControl "180+1"]
[EndTime "15:54:57 PDT"]
[Termination "chessuriel won on time"]

1. e4 d5 2. exd5 Qxd5 3. Nc3 Qa5 4. d4 Nf6 5. Nf3 Nc6 6. Bd2 a6 7. Ne4 Qb6 8. Nxf6+ gxf6 9. b3 Bg4 10. Be3 O-O-O 11. d5 Qa5+ 12. Bd2 Qxd5 13. Bc4 Bxf3 14. gxf3 Qe5+ 15. Kf1 e6 16. Bd3 Bc5 17. Qe1 Qh5 18.
Qe4 Rhg8 19. Ke2 Nd4+ 20. Kd1 Qxf3+ 21. Qxf3 Nxf3 22. Bc3 e5 23. Ke2 Nh4 24. Rhg1 f5 25. Rg3 e4 26. Bc4 Ng6 27. Bxf7 Nf4+ 28. Kf1 Rgf8 29. Rg7 Rd7 30. Bc4 Rxg7 31. Bxg7 Rd8 32. Bh6 Nd5 33. Bg5 Rd7 34. Kg2 b5 35. Be2 f4 36.
Bg4 Bd6 37. Rd1 f3+ 38. Kh3 Nc3 39. Bxd7+ Kxd7 40. Re1 Bc5 41. Bf6 Nd5 42. Bh4 e3 43.
fxe3 Bxe3 44. Rf1 Nb4 45. Rxf3 Bc1 46. c3 Nxa2 47. c4 bxc4 48. bxc4 h6 49. Bg3 c6 50. Kg4 a5 51. Kf5 Nb4 52. Be5 a4 53. Rg3 Bg5 54. h4 Bxh4 55. Rg7+ Kc8 56. Ke6 a3 57. Ra7 a2 58.
Kd6 1-0

[Event "Late-Titled-Tuesday-Blitz-July-09-2024"]
[Site "Chess.com"]
[Date "2024.07.09"]
[Round "10"]
[White "karinachess1"]
[Black "baki83"]
[Result "1-0"]
[WhiteElo "2690"]
[BlackElo "2816"]
[TimeControl "180+1"]
[EndTime "15:55:00 PDT"]
[Termination "karinachess1 won on time"]

1. d4 Nf6 2. c4 e6 3. Nc3 Bb4 4. e3 O-O 5. Bd3 d5 6. cxd5 exd5 7. a3 Bxc3+ 8. bxc3 Bg4 9. Qc2 c5 10. h3 Bh5 11. Nf3 Nc6 12. Bd2 c4 13. Bf5 Bxf3 14. gxf3 g6 15. e4 Re8 16. Rg1 dxe4 17. fxe4 Qd5 18. Rg5 Nxe4 19. Bxe4 Rxe4+ 20. Kf1 f5 21. Re1 Rxe1+ 22. Bxe1 Qh1+ 23. Rg1 Qxh3+ 24. Ke2 Re8+ 25.
Kd1 Qf3+ 26. Kc1 Re2 27. Qa4 Qf4+ 28. Kd1 Re8 29. Qxc4+ Kg7 30. Qd5 Qe4 31. Qxe4 Rxe4 32. Bd2 Na5 33. f3 Re8 34. Kc2 Nc4 35. Bc1 b5 36. Kb3 a6 37. a4 Nb6 38. axb5 axb5 39. Kb4 Nd5+ 40. Kxb5 Nxc3+ 41. Kc6 Ne2 42. Kd7 Ra8 43. Re1 Ra2 44. Be3 h5 45. d5 Kf7 46.
d6 h4 47. Rb1 Rc2 48. Rb7 h3 49.
Kd8+ Ke6 50. Rh7 Kxd6 51. Rxh3 Ke6 52. Rh6 Kf7 53. Rh7+ Kf6 54. Rd7 Rc4 55. Rd3 Nf4 56. Ra3 Ne6+ 57. Kd7 Nf8+ 58. Kd6 1-0

[Event "Late-Titled-Tuesday-Blitz-July-09-2024"]
[Site "Chess.com"]
[Date "2024.07.09"]
[Round "10"]
[White "GlavkonVVS"]
[Black "Hirna2005"]
[Result "0-1"]
[WhiteElo "2566"]
[BlackElo "2447"]
[TimeControl "180+1"]
[EndTime "15:55:00 PDT"]
[Termination "Hirna2005 won by resignation"]

1. c4 g6 2. Nc3 Bg7 3. Nf3 d6 4. d4 Nf6 5. Bg5 O-O 6. e3 Bf5 7. Bd3 Bxd3 8. Qxd3 Qd7 9. O-O Nc6 10. d5 Nb4 11.
Qe2 a5 12. a3 Na6 13. e4 Nc5 14. e5 Ne8 15. exd6 Nxd6 16. Qxe7 Qc8 17. Nb5 Nxb5 18.
Qxc5 Nd6 19. Rab1 Ne4 20. Qe3 Qf5 21. Bf4 Rfe8 22. Bxc7 Nc3 23. Qxe8+ Rxe8 24. bxc3 Qd3 25. d6 Rc8 26. Rfd1 Qxc4 27. Bxa5 Bf6 28. d7 Ra8 29. d8=Q+ Bxd8 30. Rxd8+ Rxd8 31. Bxd8 Qd3 32. Re1 Qxd8 33. h4 Qc7 34. Re3 Qc5 35. a4 Qc4 36. Re8+ Kg7 37. Re7 Kf6 38. Rxb7 Qxc3 39. Rb6+ Kg7 40. Rb7 Qc6 41.
Rxf7+ Kg8 42. Rf4 Qc1+ 43. Kh2 Qxf4+ 44. Kh3 Qxa4 45. g3 Qb3 46. Kg2 Kf7 47. Ne5+ Ke6 48.
Nf3 Qd5 49. g4 Qe4 50. Kg3 h6 51. h5 g5 52. Nh2 Qf4+ 53. Kg2 Ke5 54. f3 Qd2+ 55.
Kg3 Qe1+ 56. Kg2 Kf4 57. Nf1 Qe2+ 58. Kg1 Kxf3 59. Nh2+ Kg3 60. Nf1+ Kxg4 61. Nh2+ Kh3 0-1

[Event "Late-Titled-Tuesday-Blitz-July-09-2024"]
[Site "Chess.com"]
[Date "2024.07.09"]
[Round "10"]
[White "EternalNight8"]
[Black "Al_Shima"]
[Result "1-0"]
[WhiteElo "2386"]
[BlackElo "2483"]
[TimeControl "180+1"]
[EndTime "15:55:00 PDT"]
[Termination "EternalNight8 won by checkmate"]

1. e4 d5 2. exd5 Nf6 3. d4 Bg4 4. Be2 Bxe2 5. Nxe2 Qxd5 6. O-O Nc6 7. Nbc3 Qh5 8. Bf4 O-O-O 9. Qd3 e5 10. Bg3 exd4 11.
Nb5 Rd7 12. Rfe1 Bb4 13. Nf4 Qc5 14. Red1 Ne5 15. Qf1 a6 16. a3 Ba5 17. b4 Qxb5 18. Qxb5 axb5 19. bxa5 Nc4 20. Rdb1 c6 21. a4 Nd2 22.
Rd1 Nfe4 23. axb5 cxb5 24. f3 Nxg3 25. Rxd2 Nf5 26. Rb1 Re8 27. Kf2 Re5 28. Nd3 Red5 29. Nb4 Rc5 30. Nd3 Rc3 31. Rxb5 Ne3 32. Nc5 Rc7 33.
Rxd4 Nxc2 34. Rd5 Ne3 35. Re5 Nd1+ 36. Ke1 R3xc5 37. Rbxc5 Nb2 38. Rxc7+ Kxc7 39. Re7+ Kc6 40. Rxf7 Nc4 41. Rxg7 Nxa5 42. Rxh7 b5 43. f4 Nc4 44. f5 Kd6 45. Rb7 Na3 46. g4 Ke5 47. h4 Kf6 48. Rb6+ Ke5 49. f6 Nc4 50. f7 Nxb6 51.
f8=Q Nd5 52. Qc5 b4 53. h5 Ke4 54. h6 Nf4 55. Qxb4+ Kf3 56. Qxf4+ Kxf4 57. h7 Kxg4 58. h8=Q Kf5 59. Qa8 Ke6 60. Qa1 Kd5 61. Qd1+ Ke4 62.
Qd2 Kf3 63. Qd4 Kg3 64. Ke2 Kg2 65. Qg4+ Kh1 66. Kf2 Kh2 67. Ke3 Kh1 68. Ke2 Kh2 69. Kd3 Kh1 70. Kd2 Kh2 71. Kc3 Kh1 72. Kc2 Kh2 73.
Kb3 Kh1 74. Kb2 Kh2 75. Ka2 Kh1 76. Ka1 Kh2 77. Kb1 Kh1 78. Kc1 Kh2 79. Kd1 Kh1 80. Ke1 Kh2 81. Kf1 Kh1 82. Qh4# 1-0

[Event "Late-Titled-Tuesday-Blitz-July-09-2024"]
[Site "Chess.com"]
[Date "2024.07.09"]
[Round "10"]
[White "BogdanDeac"]
[Black "krzyzan94"]
[Result "1/2-1/2"]
[WhiteElo "2960"]
[BlackElo "2795"]
[TimeControl "180+1"]
[EndTime "15:55:02 PDT"]
[Termination "Game drawn by stalemate"]

1. Nf3 c5 2. c4 Nc6 3. d4 cxd4 4. Nxd4 g6 5. e4 Nf6 6. Nc3 d6 7. f3 Nxd4 8. Qxd4 Bg7 9. Be3 O-O 10. Qd2 a5 11. b3 Be6 12. Rc1 Nd7 13. Be2 Nc5 14. O-O f5 15. exf5 gxf5 16. Bd4 Bxd4+ 17. Qxd4 Nd7 18. Rfe1 Qb6 19. Qxb6 Nxb6 20. Bd3 Rf6 21.
Nb5 Kf7 22. Nc7 Rd8 23. Nxe6 Rxe6 24. Bxf5 Rh6 25. c5 dxc5 26. Rxc5 Rd2 27. Rxa5 Rhd6 28. Be4 Rb2 29. Rf5+ Kg7 30. Bxb7 Rdd2 31. f4 Nd7 32. Bf3 e6 33. Rg5+ Kf6 34. Rh5 Nf8 35. Rg5 Rxa2 36. Rh5 Rab2 37. h3 Rxb3 38. Ra5 Rbb2 39. Re4 Ng6 40. Kh2 Rf2 41. Kg3 Rfd2 42. Ra6 Nf8 43.
Rea4 Rd3 44. Rc4 Rbb3 45. Re4 Rdc3 46. Kh2 Re3 47. Rxe3 Rxe3 48. Kg3 Rc3 49. Kf2 Ng6 50. g3 Nf8 51. Bg4 Rc2+ 52. Be2 Rc3 53. Bf3 Nd7 54. Bg4 Nc5 55. Rb6 Ne4+ 56. Ke1 Re3+ 57. Kd1 Nf2+ 58. Kd2 Nxg4 59. hxg4 Rxg3 60. g5+ Kf5 61. Ke2 Kxf4 62. Rxe6 Kxg5 63. Re7 h5 64. Rg7+ Kh4 65.
Rxg3 Kxg3 66. Kf1 h4 67. Kg1 h3 68. Kh1 h2 1/2-1/2

[Event "Late-Titled-Tuesday-Blitz-July-09-2024"]
[Site "Chess.com"]
[Date "2024.07.09"]
[Round "10"]
[White "Chigorinetz"]
[Black "toninhojit"]
[Result "1-0"]
[WhiteElo "2623"]
[BlackElo "2494"]
[TimeControl "180+1"]
[EndTime "15:55:06 PDT"]
[Termination "Chigorinetz won by resignation"]

1. e4 e5 2. Bc4 Nf6 3. d3 c6 4. Nf3 d5 5. Bb3 Bd6 6. O-O h6 7. exd5 cxd5 8. Re1 Nc6 9. Nxe5 O-O 10. d4 Qc7 11.
Nf3 Bg4 12. h3 Bh5 13. Be3 Rfe8 14. Nbd2 Bh2+ 15. Kh1 Bf4 16. c3 Ne4 17. Bxd5 Bxe3 18. Nxe4 Bf4 19. Qd3 Rad8 20. Bb3 Qc8 21. Kg1 Bg6 22. Re2 Kh7 23. Rae1 b6 24. Qb5 f5 25. Ng3 Rxe2 26. Rxe2 Bxg3 27. fxg3 Qc7 28. Ne5 Nxe5 29.
Qxe5 Qd7 30. Be6 Qa4 31. Bxf5 Bxf5 32. Qxf5+ Kh8 33. Qe6 Qd1+ 34. Kh2 Rf8 35. Re1 Qd2 36. Qe2 Qg5 37. Qe3 Qd5 38. Re2 Qxa2 39. Rf2 Rg8 40.
Qe5 Qc4 41. d5 Qc5 42. Qe6 Qxf2 43. d6 Qf8 44. c4 Qd8 45. b4 Re8 46. Qd5 Qd7 47.
c5 bxc5 48. bxc5 Rc8 49. g4 a5 50. g5 a4 51. gxh6 a3 52. hxg7+ Kxg7 53. Qd4+ Kf7 54. Qc4+ Qe6 55. Qa6 Rxc5 56. Qa7+ Kf6 57. Qxc5 a2 58. Qc3+ Qe5+ 59. Qxe5+ Kxe5 60. d7 a1=Q 61. d8=Q Qf1 62. Qc7+ Ke6 63. Qg3 Qf5 64. Qg4 Kf6 65.
Qxf5+ 1-0